AoeStats
← aroz

Hideout

509189665Analyzed
1v1 RM · 8d ago on Sep 25, 2026· 49m 27s· 2 players
Game mode
Random Map
Map size
Tiny (2 player)
Population
200
Speed
Normal
Resources
Standard
Victory
Conquest
Starting age
Dark Age
Ending age
Imperial Age
RankedLock teamsTeams togetherTeam positionsShared explorationLock speedFull tech treeHidden civsTurbo modeCheats
Victory
Defeat
🇪🇨 Poles · Ecuador
1391
+17
🇪🇸 Gurjaras · Spain
1419
-17
¡Akbar!
3:59 Loom
10:41 Feudal Age
11:16 Double-Bit Axe
16:26 Castle Age
15:18 Horse Collar
15:49 Stone Mining
15:55 Fletching
17:02 Scale Barding Armor
17:19 Bow Saw
21:30 Gold Mining
23:27 Wheelbarrow
23:11 Heavy Plow
25:43 Hand Cart
25:17 Town Watch
26:03 Squires
32:08 Imperial Age
30:44 Bodkin Arrow
30:56 Town Patrol
31:26 Ballistics
30:46 Treadmill Crane
31:17 Masonry
32:07 Chain Barding Armor
31:58 Forging
32:52 Szlachta Privileges
32:14 Cavalier
33:06 Bloodlines
34:05 Chemistry
34:14 Crop Rotation
34:49 Iron Casting
34:16 Husbandry
33:36 Light Cavalry
34:57 Conscription
35:01 Murder Holes
36:38 Conscription
36:53 Hoardings
36:33 Scale Mail Armor
37:34 Blast Furnace
37:14 Siege Engineers
37:30 Elite Obuch
38:27 Chain Mail Armor
39:05 Stone Shaft Mining
38:42 Bracer
39:33 Lechitic Legacy
39:07 Arson
38:56 Crossbowman
39:42 Thumb Ring
41:29 Plate Mail Armor
41:01 Padded Archer Armor
40:48 Arbalester
42:25 Winged Hussar
43:24 Guard Tower
43:19 Arrowslits
47:11 Leather Archer Armor
aroz
7:40 Loom
10:25 Feudal Age
14:35 Castle Age
12:28 Double-Bit Axe
12:50 Horse Collar
16:06 Bow Saw
16:22 Heavy Plow
22:53 Wheelbarrow
27:01 Hand Cart
26:33 Town Watch
30:07 Imperial Age
28:04 Gold Mining
28:08 Stone Mining
29:19 Scale Barding Armor
29:25 Forging
29:16 Scale Mail Armor
29:54 Bloodlines
29:44 Husbandry
31:13 Chain Barding Armor
31:28 Iron Casting
31:31 Conscription
32:10 Heavy Camel Rider
32:18 Elite Shrivamsha Rider
33:38 Plate Barding Armor
34:51 Gold Shaft Mining
35:09 Frontier Guards
35:14 Light Cavalry
36:24 Hussar
37:04 Siege Elephant
38:57 Chain Mail Armor
47:59 Fletching
48:10 Padded Archer Armor
49:14 Chemistry
48:34 Ballistics
48:27 Elite Skirmisher
49:48 Bodkin Arrow
Connection lost

Rejoining the realm…

Still unreachable

The connection could not be restored.

Session expired

The server has moved on; the page needs a fresh start.